 Dungeon Crawl Stone Soup version 0.24-a0-537-g2d01d4ab0a (webtiles) character file.

Game seed: 4853436566734077997

135 Ijustatesigmund the Skirmisher (level 5, -13/57 HPs)
             Began as an Ogre Fighter on Aug 14, 2019.
             Mangled by an orc warrior
             ... wielding a +0 mace
              (20 damage)
             ... on level 3 of the Dungeon.
             The game lasted 00:03:18 (2527 turns).

Ijustatesigmund the Skirmisher (Ogre Fighter)       Turns: 2527, Time: 00:03:19

Health: -13/57     AC:  3    Str: 25    XL:     5   Next: 18%
Magic:  5/5        EV:  8    Int:  9    God:
Gold:   99         SH:  8    Dex:  9    Spells: 4/4 levels left

rFire    . . .     SeeInvis .   a - +2 flail
rCold    . . .     Gourm    .   c - +0 shield
rNeg     . . .     Faith    .   b - +0 robe
rPois    .         Spirit   .   (helmet restricted)
rElec    .         Reflect  .   (no cloak)
rCorr    .         Harm     .   (gloves unavailable)
MR       .....                  (boots unavailable)
Stlth    ..........             (no amulet)
HPRegen  0.19/turn              k - ring of attention (curse)
MPRegen  0.09/turn              (no ring)

@: mighty
A: large, unfitting armour, tough skin 1
a: no special abilities


You were on level 3 of the Dungeon.
You were not hungry.

You visited 1 branch of the dungeon, and saw 3 of its levels.

You collected 99 gold pieces.

Inventory:

Hand Weapons
 a - a +2 flail (weapon)
Armour
 b - a +0 robe (worn)
 c - a +0 shield (worn)
Jewellery
 k - a cursed ring of attention (left hand)
Scrolls
 e - 2 scrolls of identify
 j - a scroll of blinking
 o - a scroll of magic mapping
Potions
 d - a potion of might
 g - a potion of ambrosia
 h - a potion of lignification
 i - 2 potions of haste
Comestibles
 f - 3 rations


   Skills:
 + Level 5.4 Fighting
 * Level 4.0 Maces & Flails
 - Level 2.6 Dodging
 - Level 2.6 Shields


You had 4 spell levels left.
You didn't know any spells.
Your spell library was empty.

Dungeon Overview and Level Annotations

Branches:
Dungeon (3/15)

Altars:
Nemelex Xobeh


Innate Abilities, Weirdness & Mutations

You are too large for most types of armour.
You have tough skin. (AC +1)


Message History

You are too injured to fight recklessly!
You are too injured to fight recklessly!
You are too injured to fight recklessly!
You are too injured to fight recklessly!
You are too injured to fight recklessly!
You are too injured to fight recklessly!
You are too injured to fight recklessly!
You are too injured to fight recklessly!
You are too injured to fight recklessly!
You are too injured to fight recklessly!
You feel very mighty all of a sudden.
The orc warrior hits you with a +0 mace!!
* * * LOW HITPOINT WARNING * * *
You thump the orc warrior!
The orc warrior is moderately wounded.
The orc throws a boomerang.
The boomerang hits you.
* * * LOW HITPOINT WARNING * * *
The weapon returns to the orc!
The orc warrior hits you with a +0 mace!!
You die...

#...#......#....#
#.###.........# ###
##.......####..#
...#..#####.## ..#
##.#...##....# ..#
##.......$....# ..
.........###.....#
#.........###..#...
......†@..# #.# #.
.....<.o†........
..........#####..#
.....:...... ..#
.......g...o.
..............#
...............
..............#


You could see an orc warrior, an orc and a goblin.

Vanquished Creatures
  An orc wizard (D:3)
  4 gnolls (D:2)
  2 adders (D:2)
  2 worms (D:2)
  2 dart slugs
  5 giant cockroaches
  5 goblins
  5 hobgoblins
  A ball python (D:1)
  9 bats (D:1)
  7 frilled lizards
  3 kobolds
  4 rats
50 creatures vanquished.

Notes
Turn   | Place    | Note
-------+----------+-------------------------------------------
     0 | D:1      | Ijustatesigmund the Ogre Fighter began the quest for the
                  | Orb.
     0 | D:1      | Reached XP level 1. HP: 24/24 MP: 1/1
   102 | D:1      | Reached XP level 2. HP: 20/32 MP: 2/2
   535 | D:1      | Reached XP level 3. HP: 36/40 MP: 3/3
  1192 | D:2      | Reached XP level 4. HP: 37/49 MP: 4/4
  1479 | D:2      | Reached skill level 5 in Fighting
  2426 | D:3      | Reached XP level 5. HP: 56/57 MP: 5/5
  2466 | D:3      | Found a sparkling altar of Nemelex Xobeh.
  2519 | D:3      | Noticed an orc warrior
  2527 | D:3      | Mangled by an orc warrior

Levels and vault maps discovered:
D:1:      minmay_arrival_solitary_statue, layout_loops_cross
D:2:      layout_basic, first_ration
D:3:      layout_rooms, ebering_ghost_sewer_f, corner_web_ring,
          nemelex_diamond_rough_becter

Skill      XL: |  1  2  3  4 |
---------------+-------------+-----
Maces & Flails | 2 3 4 |  4.0
Fighting       | 5 |  5.4
Dodging        | |  2.6
Shields        | |  2.6

Action                   |  1- 3 |  4- 6 || total
-------------------------+-------+-------++-------
Melee: Flail             |   124 |    41 ||   165
  Use: Scroll            |     8 |     2 ||    10
       Potion            |       |     5 ||     5
  Eat: Chunk             |     1 |     2 ||     3
       Ration            |       |     1 ||     1
Armor: Robe              |    58 |     7 ||    65
Dodge: Dodged            |    59 |    26 ||    85
Block: Shield            |    68 |    20 ||    88

Table legend:
 A = Non-vault XP
 B = Vault XP
 C = Vault XP percentage of total XP
 D = Non-vault monster count
 E = Vault monster count
 F = Vault count percentage of total count
                 A         B        C        D         E       F
            +---------+---------+-------+---------+---------+-------
      Total |     193 |       0 |   0.0 |      50 |       0 |   0.0
            +---------+---------+-------+---------+---------+-------
        D:1 |      45 |       0 |   0.0 |      29 |       0 |   0.0
        D:2 |     109 |       0 |   0.0 |      17 |       0 |   0.0
        D:3 |      39 |       0 |   0.0 |       4 |       0 |   0.0
            +---------+---------+-------+---------+---------+-------
